 Dungeon Crawl Stone Soup version 0.30-a0-918-g0ff054e9dc (webtiles) character file.

Game seed: 6894931136357976285

66686 Dirtsage the Brawler (level 14, 0/115 HPs)
             Began as a Demonspawn Berserker on Mar 20, 2023.
             Was an Elder of Trog.
             Killed by divine providence
             ... invoked by an orc priest
              (11 damage)
             ... on level 2 of the Orcish Mines.
             The game lasted 00:36:14 (18180 turns).

Dirtsage the Brawler (Demonspawn Berserker)        Turns: 18180, Time: 00:36:15

Health: 0/115      AC: 22    Str: 21    XL:     14   Next: 80%
Magic:  14/14      EV: 11    Int: 10    God:    Trog [****..]
Gold:   1361       SH:  5    Dex: 15    Spells: 13/13 levels left

rFire   + + +      SeeInvis +      - Unarmed
rCold   + . .      Faith    .    (no shield)
rNeg    . . .      Spirit   .    G - +3 plate armour {rF+}
rPois   +          Reflect  +    N - +2 hat
rElec   .          Rampage  .    a - +1 cloak of Intuition {rPois Dex+2 Slay+3}
rCorr   .                        (no gloves)
Will    +++..                    (boots unavailable) Stlth
                                 F - amulet of reflection
HPRegen 1.39/turn                I - ring of protection from cold
MPRegen 0.28/turn                w - ring of Pomiowk {rPois rF++ SInv}

@: strong-willed, on berserk cooldown, regenerating, slowed, very slow
A: hooves 3, horns 2, foul stench 2, magic regeneration, demonic touch 2
a: Renounce Religion, Berserk, Trog's Hand, Brothers in Arms


You were on level 2 of the Orcish Mines.
You worshipped Trog.
Trog was greatly pleased with you.
You visited 4 branches of the dungeon, and saw 19 of its levels.
You also visited: Volcano.

You collected 1994 gold pieces.
You spent 633 gold pieces at shops.

Inventory:

Missiles
 J - 4 curare-tipped darts
 T - 2 throwing nets (quivered)
Armour
 a - the +1 cloak of Intuition (worn) {rPois Dex+2 Slay+3}
   (You found it on level 3 of the Dungeon)

   Dex:       It affects your dexterity (+2).
   Slay:      It affects your accuracy & damage with ranged weapons and melee
   (+3).
   rPois:     It protects you from poison.
 j - +1 acid dragon scales
 u - the +0 scale mail of the Hidden Vale {-Tele rN++ Str+10 Int-4}
   (You found it on level 5 of the Dungeon)

   Str:       It affects your strength (+10).
   Int:       It affects your intelligence (-4).
   rN:        It greatly protects you from negative energy.
   -Tele:     It prevents most forms of teleportation.
 G - a +3 plate armour of fire resistance (worn)
 N - a +2 hat (worn)
 Q - a +3 scale mail of fire resistance
Jewellery
 n - an amulet of magic regeneration
 w - the ring of Pomiowk (right hand) {rPois rF++ SInv}
   (You bought it in a shop on level 6 of the Dungeon)

   [ring of poison resistance]

   rF:        It greatly protects you from fire.
   rPois:     It protects you from poison.
   SInv:      It lets you see invisible.
 x - a +6 ring of dexterity
 C - a ring of resist corrosion
 F - an amulet of reflection (around neck)
 I - a ring of protection from cold (left hand)
 L - a ring of ice
 R - the ring "Ofigh" {Ice rElec Will+ rCorr Str-4}
   (You found it on level 3 of the Lair of Beasts)

   [ring of ice]

   It enhances your ice magic.
   Str:       It affects your strength (-4).
   rF:        It makes you vulnerable to fire.
   rC:        It protects you from cold.
   rElec:     It insulates you from electricity.
   rCorr:     It protects you from acid and corrosion.
   Will:      It increases your willpower.
Wands
 v - a wand of iceblast (9)
 D - a wand of digging (7)
 E - a wand of flame (39)
 P - a wand of polymorph (7)
 V - a wand of mindburst (7)
 W - a wand of paralysis (9)
Scrolls
 b - 4 scrolls of vulnerability
 e - 5 scrolls of magic mapping
 g - 4 scrolls of fear
 i - 5 scrolls of identify
 k - 2 scrolls of silence
 p - 5 scrolls of poison
 s - a scroll of amnesia
 t - 4 scrolls of teleportation
 y - a scroll of brand weapon
 A - 2 scrolls of fog
 B - 6 scrolls of blinking
 X - a scroll of enchant weapon
 Y - a scroll of summoning
Potions
 d - 4 potions of might
 f - a potion of attraction
 h - 2 potions of haste
 l - 9 potions of heal wounds
 m - 2 potions of cancellation
 o - a potion of flight
 q - 9 potions of curing
 r - 5 potions of lignification
 z - a potion of invisibility
 H - a potion of magic
 K - 2 potions of berserk rage
 M - a potion of experience
 O - 6 potions of ambrosia
 U - 6 potions of mutation
 Z - a potion of brilliance {unknown}
Miscellaneous
 c - a phial of floods


   Skills:
 + Level 12.1 Fighting
 - Level 3.2 Axes
 + Level 10.9 Armour
 + Level 10.9 Dodging
 * Level 16.1 Unarmed Combat


You had 13 spell levels left.
You didn't know any spells.
Your spell library contained the following spells:

 Spells                   Type           Power      Damage    Failure   Level
 Magic Dart               Conj           0%         1d3       99%         1
 Slow                     Hex            0%         N/A       99%         1
 Blink                    Tloc           0%         N/A       100%        2
 Call Imp                 Summ           0%         N/A       100%        2
 Cigotuvi's Dreadful Rot  Necr/Pois/Air  0%         N/A       100%        2
 Lesser Beckoning         Tloc           0%         N/A       100%        2
 Momentum Strike          Conj/Tloc      0%         3d8       100%        2
 Poisonous Vapours        Pois/Air       0%         N/A       100%        2
 Call Canine Familiar     Summ           0%         N/A       100%        3
 Confusing Touch          Hex            0%         N/A       100%        3
 Hailstorm                Conj/Ice       0%         3d3       100%        3
 Ignite Poison            Fire/Tmut/Pois 0%         N/A       100%        3
 Inner Flame              Hex/Fire       0%         N/A       100%        3
 Kindle Blastsparks       Fire/Tloc/Air  0%         2d10      100%        3
 Mephitic Cloud           Conj/Pois/Air  0%         N/A       100%        3
 Portal Projectile        Hex/Tloc       0%         N/A       100%        3
 Summon Guardian Golem    Hex/Summ       0%         N/A       100%        3
 Tukima's Dance           Hex            0%         N/A       100%        3
 Vampiric Draining        Necr           0%         2d6       100%        3
 Vhi's Electric Charge    Tloc/Air       0%         N/A       100%        3
 Animate Dead             Necr           0%         N/A       100%        4
 Flame Wave               Conj/Fire      0%         2d4       100%        4
 Ice Form                 Ice/Tmut       0%         N/A       100%        4
 Leda's Liquefaction      Hex/Erth       0%         N/A       100%        4
 Olgreb's Toxic Radiance  Pois           0%         N/A       100%        4
 Passage of Golubria      Tloc           0%         N/A       100%        4
 Sticky Flame             Conj/Fire      0%         2d3       100%        4
 Arcjolt                  Conj/Air       0%         1d10      100%        5
 Freezing Cloud           Conj/Ice/Air   0%         6-21      100%        5
 Lee's Rapid Deconstruct  Erth           0%         3d4*      100%        5
 Summon Forest            Summ/Tloc      0%         N/A       100%        5
 Yara's Violent Unravell  Hex/Tmut       0%         3d3       100%        5
 Eringya's Noxious Bog    Tmut/Pois      0%         N/A       100%        6
 Simulacrum               Ice/Necr       0%         N/A       100%        6
 Statue Form              Tmut/Erth      0%         N/A       100%        6
 Haunt                    Necr/Summ      0%         N/A       100%        7
 Orb of Destruction       Conj           0%         9d5       100%        7
 Ozocubu's Refrigeration  Ice            0%         4d7       100%        7
 Spellforged Servitor     Conj/Summ      0%         N/A       100%        7
 Summon Hydra             Summ           0%         N/A       100%        7
 Ignition                 Fire           0%         3d3       100%        8
 Infestation              Necr           0%         N/A       100%        8
 Maxwell's Capacitive Co  Air            0%         ∞         100%        8


Dungeon Overview and Level Annotations

Branches:
Dungeon (11/15)            Temple (1/1) D:6            Lair (5/5) D:10
  Swamp (0/4) Lair:2        Snake (0/4) Lair:3        Slime (0/5) Lair:4
    Orc (2/2) D:9             Elf (0/3) Orc:2       Volcano (visited)

Altars:
Ashenzari
Cheibriados
Dithmenos
Fedhas
Gozag
Hepliaklqana
Kikubaaqudgha
Makhleb
Nemelex Xobeh
Okawaru
Qazlal
Ru
Sif Muna
Trog
Uskayaw
Vehumet
Wu Jian
Xom
Yredelemnul

Shops:
D:2 [   D:6 ((::=   D:10 (   Orc:2 !*

Annotations:
Orc:1 2 transporters


Innate Abilities, Weirdness & Mutations

You have hooves in place of feet.
You have a pair of horns on your head.
You sometimes emit foul miasma when damaged in melee.
You regenerate magic rapidly.
Your touch may inflict irresistible damage on your foes.


Message History

* * * LOW HITPOINT WARNING * * *
The orc warrior barely misses you.
You take 20 damage, and have 19/172 hp.
You pummel the orc knight!! Your headbutt misses the orc knight.
You punch the orc knight!
You kill the orc knight!
Trog accepts your kill.
Your troll bites the orc warrior!
Your troll claws the orc warrior!
Your troll barely misses the orc warrior.
The orc warrior hits your troll with a +0 hand axe!
Your troll bites the orc warrior!
The orc warrior dies!
Trog accepts your kill.
You see here a +0 short sword.
You feel a strong urge to attack something.
Your troll bites the orc warrior!
Your troll claws the orc warrior but does no damage.
Your troll closely misses the orc warrior.
The orc priest calls down the wrath of Beogh upon you.
Beogh smites you!
* * * LOW HITPOINT WARNING * * *
Your troll bites the orc warrior.
Your troll closely misses the orc warrior.
Your troll claws the orc warrior.
You take 9 damage, and have 12/172 hp.
You feel your anger nearly subside.
You are no longer berserk.
You are exhausted.
You feel yourself slow down.
The orc warrior no longer looks unusually strong.
You now have 9/115 hp.
Your troll rages.
Your troll barely misses the orc warrior.
Your troll claws the orc warrior.
Your troll claws the orc warrior!
The orc warrior dies!
Trog accepts your kill.
The orc warrior throws a boomerang.
The boomerang hits you but does no damage.
The orc priest mumbles some strange prayers to Beogh against you.
Beogh smites you!
You die...

##.##...##
#####.##
######....#
##...#....##
#...).#.###
##.......#
##.).))#..#
##.....##...#
##@......##.##
##..##...## ##
##..###...#
##..## ##.##
##))## ###
#oT##
o..o.ooo##
.#.#.oo##
..o.#


You could see 2 orc warriors, 2 orc priests, 2 orcs and a friendly troll
(summoned, berserk).

Vanquished Creatures
  Gastronok (Lair:1)
  Kirke (Lair:4)
  An orc warlord (Orc:2)
  Nessos (Orc:2)
  2 dire elephants (Lair:5)
  The ghost of Geeruv the Covert, a journeyman AtBr of Uskayaw (Lair:1)
  Fannar (Lair:3)
  A catoblepas (Lair:3)
  A hydra (Lair:3)
  An ogre mage (Volcano)
  A centaur warrior (D:10)
  2 boulder beetles
  9 two-headed ogres
  A dancing weapon (Lair:1)
  3 death yaks
  Sonja (Lair:2)
  A sun demon (Orc:2)
  A spectral dire elephant (Lair:5)
  A hell knight (Volcano)
  2 skysharks (Lair:3)
  A spectral anaconda (Lair:5)
  A skeletal warrior (D:10)
  An obsidian statue (Lair:5)
  3 necromancers (Lair:5)
  Pikel (D:8)
  An orc knight (Orc:2)
  2 orc sorcerers (Orc:2)
  A cyclops (D:11)
  A manticore (D:11)
  3 elephants (Lair:5)
  5 black mambas
  Joseph (D:7)
  9 komodo dragons
  A gargoyle (D:10)
  A dire elephant skeleton (Lair:5)
  6 rime drakes
  Psyche (D:8)
  8 cane toads
  A kobold demonologist (D:10)
  3 unseen horrors
  3 meliai (Lair:5)
  A queen bee (Lair:5)
  The ghost of funkygono the Chopper, an amateur MiFi of Okawaru (D:3)
  A hornet (D:11)
  5 trolls
  3 polar bears
  Grinder (D:5)
  8 blink frogs
  4 shadows
  49 yaks
  A vampire (D:11)
  A dire elephant simulacrum (Lair:5)
  2 wyverns
  3 basilisks
  A steam dragon (Lair:1)
  11 vampire mosquitoes
  A death yak simulacrum (Lair:5)
  4 hogs (Lair:4)
  3 wargs
  4 nagas (Lair:3)
  14 water moccasins
  An acid dragon (D:11)
  A sky beast (D:8)
  An elephant zombie (Lair:5)
  2 ice beasts
  13 orc warriors
  A black bear (D:5)
  6 ogres
  4 wolves (Lair:4)
  3 centaurs
  2 kobold brigands
  2 gnoll sergeants (D:10)
  4 scorpions
  8 bullfrogs
  2 cane toad simulacra (Lair:5)
  8 wights
  32 killer bees
  5 howler monkeys
  An electric eel (D:9)
  2 hounds (D:5)
  Crazy Yiuf (D:2)
  3 jellies
  18 orc priests
  2 iguanas
  2 gnoll boudas
  3 sleepcaps
  Natasha (twice) (D:3)
  13 orc wizards
  7 adders
  16 gnolls
  7 worms
  4 dart slugs
  64 orcs
  11 ball pythons
  3 bats
  8 endoplasms
  3 giant cockroaches
  4 goblins
  11 hobgoblins
  14 kobolds
  2 quokkas (D:3)
  2 frilled lizards
  8 rats
  A bush (D:2)
512 creatures vanquished.

Vanquished Creatures (collateral kills)
  3 dire elephants (Lair:5)
  2 death yaks (Lair:4)
  Amaemon (Lair:2)
  A necromancer (Lair:5)
  An orange demon (Lair:2)
  2 orc warriors (Orc:2)
  An orc wizard (Orc:2)
  4 orcs (Orc:2)
15 creatures vanquished.

Vanquished Creatures (others)
  An elephant (Lair:5)
  A spectral elephant (Lair:5)
  9 fungi
  8 plants
  9 withered plants (Lair:5)
28 creatures vanquished.

Grand Total: 555 creatures vanquished

Notes
Turn   | Place    | Note
-------+----------+-------------------------------------------
     0 | D:1      | Dirtsage the Demonspawn Berserker began the quest for the
                  | Orb.
     0 | D:1      | Reached XP level 1. HP: 18/18 MP: 1/1
   155 | D:1      | Discovered your monstrous ancestry.
   155 | D:1      | Gained mutation: You have a pair of small horns on your
                  | head. [demonic ancestry]
   155 | D:1      | Reached XP level 2. HP: 17/24 MP: 2/2
   406 | D:1      | Found a faded altar of an unknown god.
   574 | D:1      | Reached skill level 1 in Unarmed Combat
   751 | D:2      | Gained mutation: You have large cloven feet. [demonic
                  | ancestry]
   751 | D:2      | Reached XP level 3. HP: 10/29 MP: 3/3
   751 | D:2      | Found Hecrin's Antique Armour Shop.
   816 | D:2      | Reached ** piety under Trog
   970 | D:2      | Reached skill level 2 in Unarmed Combat
  1159 | D:2      | Found a runed translucent door.
  1160 | D:2      | Noticed Crazy Yiuf
  1770 | D:2      | Killed Crazy Yiuf
  1771 | D:2      | Reached skill level 3 in Unarmed Combat
  1771 | D:2      | Gained mutation: Your touch may inflict minor irresistible
                  | damage on your foes. [demonic ancestry]
  1771 | D:2      | Reached XP level 4. HP: 35/35 MP: 4/4
  2015 | D:3      | Identified the +1 cloak of Intuition {rPois Dex+2 Slay+3}
  2360 | D:3      | Noticed Natasha
  2373 | D:3      | Killed Natasha
  2374 | D:3      | Gained mutation: Your touch may inflict irresistible damage
                  | on your foes. [demonic ancestry]
  2374 | D:3      | Reached XP level 5. HP: 13/41 MP: 5/5
  2381 | D:3      | Reached skill level 4 in Unarmed Combat
  2537 | D:3      | Noticed Natasha
  2546 | D:3      | Killed Natasha
  2793 | D:3      | Reached *** piety under Trog
  2823 | D:3      | Found a runed translucent gate.
  2823 | D:3      | Found a runed translucent gate.
  2823 | D:3      | Found a runed translucent gate.
  2823 | D:3      | Noticed funkygono's ghost (amateur MiFi)
  2826 | D:3      | Found a hazy altar of Hepliaklqana.
  2841 | D:3      | Killed funkygono's ghost
  2842 | D:3      | Reached skill level 6 in Unarmed Combat
  2842 | D:3      | Gained mutation: You have hoof-like feet. [demonic
                  | ancestry]
  2842 | D:3      | Reached XP level 6. HP: 47/47 MP: 6/6
  2922 | D:4      | Found an ornate altar of the Wu Jian Council.
  2922 | D:4      | Found a shimmering blue altar of Sif Muna.
  3509 | D:5      | Entered Level 5 of the Dungeon
  3520 | D:5      | Gained mutation: You have a pair of horns on your head.
                  | [demonic ancestry]
  3520 | D:5      | Reached XP level 7. HP: 41/52 MP: 7/7
  3744 | D:5      | Identified the +0 scale mail of the Hidden Vale {-Tele rN++
                  | Str+10 Int-4}
  3837 | D:5      | Reached skill level 7 in Unarmed Combat
  3860 | D:5      | Gained mutation: You may rarely emit foul miasma when
                  | damaged in melee. [demonic ancestry]
  3860 | D:5      | Reached XP level 8. HP: 60/60 MP: 8/8
  4015 | D:5      | Noticed Grinder
  4020 | D:5      | Paralysed by Grinder for 3 turns
  4024 | D:5      | Killed Grinder
  4391 | D:6      | Found Qoagof's Antique Weapon Emporium.
  4465 | D:6      | Found a staircase to the Ecumenical Temple.
  4472 | Temple   | Entered the Ecumenical Temple
  4626 | D:6      | Reached skill level 8 in Unarmed Combat
  4630 | D:6      | Found Maxt's Book Shop.
  4731 | D:6      | Found Ufren's Book Emporium.
  4801 | D:6      | Found Tuehid's Jewellery Shop.
  4870 | D:6      | Reached skill level 5 in Fighting
  4894 | D:6      | Reached **** piety under Trog
  4918 | D:6      | Found an opulent altar of Gozag.
  4943 | D:6      | Found a stormy altar of Qazlal.
  4972 | D:6      | Found Lunkonwoops's Antique Weapon Boutique.
  4985 | D:6      | Gained mutation: You sometimes emit foul miasma when
                  | damaged in melee. [demonic ancestry]
  4985 | D:6      | Reached XP level 9. HP: 68/68 MP: 9/9
  5219 | D:7      | Noticed a two-headed ogre
  5236 | D:7      | Killed a two-headed ogre
  5238 | D:7      | Reached skill level 9 in Unarmed Combat
  5323 | D:7      | Noticed Joseph
  5332 | D:7      | Killed Joseph
  5394 | D:7      | Found an iron altar of Okawaru.
  5401 | D:7      | Reached skill level 5 in Dodging
  5407 | D:7      | Reached skill level 5 in Armour
  5783 | D:8      | Reached XP level 10. HP: 57/77 MP: 6/10
  5878 | D:8      | Noticed Psyche
  5883 | D:8      | Killed Psyche
  5901 | D:8      | Reached skill level 10 in Unarmed Combat
  6208 | D:9      | Reached ***** piety under Trog
  6362 | D:8      | Noticed Pikel
  6368 | D:8      | Killed Pikel
  7270 | D:9      | Noticed a two-headed ogre
  7276 | D:9      | Killed a two-headed ogre
  7462 | D:9      | Found a staircase to the Orcish Mines.
  7584 | D:10     | Entered Level 10 of the Dungeon
  7626 | D:10     | Gained mutation: You have hooves in place of feet. [demonic
                  | ancestry]
  7626 | D:10     | Reached XP level 11. HP: 70/84 MP: 11/11
  7628 | D:10     | Reached skill level 11 in Unarmed Combat
  7776 | D:10     | Found Zemeu's Weapon Shop.
  8034 | D:10     | Noticed a two-headed ogre
  8041 | D:10     | Killed a two-headed ogre
  8259 | D:10     | Found a staircase to the Lair.
  8583 | D:10     | Noticed a boulder beetle
  8583 | D:10     | Noticed a two-headed ogre
  8588 | D:10     | Killed a two-headed ogre
  8597 | D:10     | Killed a boulder beetle
  8788 | D:10     | Noticed a centaur warrior
  8791 | D:10     | Killed a centaur warrior
  8791 | D:10     | Identified the +2 war axe of Plunder {flame, Str+4} (Trog
                  | gifted it to you on level 10 of the Dungeon)
  8791 | D:10     | Received a gift from Trog
  8904 | D:10     | Reached skill level 12 in Unarmed Combat
  9004 | D:10     | Noticed a skeletal warrior
  9013 | D:10     | Killed a skeletal warrior
  9252 | D:11     | Gained mutation: You regenerate magic rapidly. [demonic
                  | ancestry]
  9252 | D:11     | Reached XP level 12. HP: 89/94 MP: 12/12
  9267 | D:11     | Noticed a two-headed ogre
  9272 | D:11     | Killed a two-headed ogre
  9891 | Lair:1   | Entered Level 1 of the Lair of Beasts
  9967 | Lair:1   | Reached skill level 13 in Unarmed Combat
 10253 | Lair:1   | Found a shimmering altar of Xom.
 10253 | Lair:1   | Noticed Geeruv's ghost (journeyman AtBr)
 10254 | Lair:1   | Found a runed translucent door.
 10269 | Lair:1   | Killed Geeruv's ghost
 10487 | Lair:1   | Identified the +6 scimitar of Scorn {heavy, SInv} (Trog
                  | gifted it to you on level 1 of the Lair of Beasts)
 10487 | Lair:1   | Received a gift from Trog
 10677 | Lair:1   | Noticed Gastronok
 10688 | Lair:1   | Killed Gastronok
 10815 | Lair:1   | Reached skill level 10 in Fighting
 11598 | Lair:2   | Reached XP level 13. HP: 64/103 MP: 13/13
 11602 | Lair:2   | Noticed Sonja
 11609 | Lair:2   | Killed Sonja
 11845 | Lair:2   | Found a staircase to the Swamp.
 11948 | Lair:2   | Noticed Amaemon
 11958 | Lair:2   | Killed Amaemon
 12124 | Lair:2   | Reached skill level 14 in Unarmed Combat
 12721 | Lair:3   | Noticed Fannar
 12734 | Lair:3   | Killed Fannar
 13023 | Lair:3   | Identified the ring "Ofigh" {Ice rElec Will+ rCorr Str-4}
 13088 | Lair:3   | Found a staircase to the Snake Pit.
 14171 | Lair:4   | Noticed Kirke
 14184 | Lair:4   | Killed Kirke
 14386 | Lair:4   | Reached skill level 10 in Dodging
 14387 | Lair:4   | Reached skill level 10 in Armour
 14553 | Lair:4   | Found a staircase to the Slime Pits.
 14826 | Lair:5   | Entered Level 5 of the Lair of Beasts
 14870 | Lair:5   | Reached skill level 15 in Unarmed Combat
 14897 | Lair:5   | Reached XP level 14. HP: 76/113 MP: 14/14
 14906 | Lair:5   | Found a dark tunnel.
 14981 | Volcano  | Entered a volcano
 16031 | Lair:5   | Identified the +8 morningstar of Cocytus {holy, Str+2}
 16254 | Lair:5   | Received a gift from Trog
 17019 | Lair:5   | Identified the +3 short sword of the Magi {flame, Str+4}
 17335 | D:6      | Bought the ring of Pomiowk {rPois rF++ SInv} for 633 gold
                  | pieces
 17441 | Orc:1    | Entered Level 1 of the Orcish Mines
 17442 | Orc:1    | Found a transporter.
 17493 | Orc:1    | Found a transporter.
 17583 | Orc:1    | You fall into a shaft and drop 1 floor!
 17583 | Orc:2    | Entered Level 2 of the Orcish Mines
 17760 | Orc:2    | Noticed an orc warlord
 17776 | Orc:2    | Killed an orc warlord
 17790 | Orc:2    | Reached skill level 16 in Unarmed Combat
 17925 | Orc:2    | Found a staircase to the Elven Halls.
 17983 | Orc:2    | Noticed Nessos
 17998 | Orc:2    | Killed Nessos
 18161 | Orc:2    | Found Atowkoam's General Store.
 18173 | Orc:2    | Found Wedghauv's Distillery.
 18180 | Orc:2    | Killed from afar by an orc priest

Illustrated notes

Levels and vault maps discovered:
D:1:      matt_arrival_refuge, layout_loops_ring, ebering_ecumenical_altar_hall
D:2:      layout_loops_ring, serial_forest, infiniplex_forest_lined_3_way,
          infiniplex_forest_lined_3, infiniplex_forest_split,
          infiniplex_forest_end_1, infiniplex_forest_lined_corner,
          infiniplex_forest_pool, infiniplex_forest_straight_2, serial_shops,
          nicolae_square_shop, uniq_crazy_yiuf_cottage
D:3:      layout_loops_ring, mainiacjoe_overflow_alcove_2, serial_glass,
          glass_columns_b, glass_columns_a, glass_columns_a, glass_columns_b,
          glass_columns_b, glass_columns_c, glass_columns_b, glass_columns_c,
          glass_columns_c, glass_columns_b, glass_columns_c, glass_columns_b,
          glass_columns_c, glass_columns_b, ebering_ghost_rock_garden,
          grunt_ministairs_7, uniq_natasha
D:4:      layout_cave_pools, grunt_temple_overflow_open, minivault_4,
          minmay_misc_feat_plants
D:5:      layout_loops_ring, uniq_grinder
D:6:      layout_rooms, mainiacjoe_overflow_six_doors_small,
          nicolae_qazlal_scattered_showers, temple_doors_e, serial_shops,
          kennysheep_mini, nicolae_diamond_shop, shop, nicolae_diamond_shop,
          kennysheep_little_box
D:7:      layout_cave_pools, okawaru_gym_becter, uniq_joseph
D:8:      layout_cave_pools, uniq_pikel, uniq_psyche
D:9:      layout_basic, hiddenorc1_lemuel
D:10:     layout_loops_ring, erik_lair_orcish_takeover, serial_shops,
          nicolae_shop_bloodbath_and_beyond, evilmike_minifort
D:11:     nzn_winding_woodlands_stair_cross
          [nzn_winding_woodlands_5x15_longhouse,
          nzn_winding_woodlands_center_lodge,
          nzn_winding_woodlands_5x15_lazy_stream,
          nzn_winding_woodlands_5x5_default,
          nzn_winding_woodlands_5x5_perimeter,
          nzn_winding_woodlands_5x15_river_crossing,
          nzn_winding_woodlands_center_diamonds,
          nzn_winding_woodlands_5x15_sidewinder], layout_cross,
          portal_ice_cave_entry_pillars_1
Temple:   regret_index_temple_sphere_string
Lair:1:   layout_layer_cave, ebering_ghost_xom, uniq_gastronok
Lair:2:   layout_cave_shapes, swamp_mist, infiniplex_staircase_pool,
          grunt_megastairs_5, uniq_sonja, uniq_amaemon
Lair:3:   layout_cellular_growth, minmay_snake_entry_guardpost_small,
          grunt_megastairs_3, uniq_fannar
Lair:4:   layout_cave_pods, slime_entry_1, serial_bayou_pond_d,
          minmay_lair_drake_nest, uniq_kirke
Lair:5:   due_jungle_book, layout_loops_ring, nicolae_volcano_entry_lava_flow,
          special_room [special_room_bee]
Orc:1:    layout_diamond_mine, gammafunk_ghost_abyssal_escape, basic_altar
Orc:2:    pf_orc_diabolical, layout_caves, uniq_nessos

Skill      XL: |  1  2  3  4  5  6  7  8  9 10 11 12 13 14 |
---------------+-------------------------------------------+-----
Axes           | 3 |  3.2
Unarmed Combat | 1 3 6 7 8 9 10 12 13 15 16 | 16.1
Armour         | 2 4 5 6 7 8 10 | 10.9
Dodging        | 2 4 5 6 7 9 10 | 10.9
Fighting       | 5 6 7 8 10 11 12 | 12.1

Action                     |  1- 3 |  4- 6 |  7- 9 | 10-12 | 13-15 || total
---------------------------+-------+-------+-------+-------+-------++-------
  Melee: Hand axe          |    81 |       |       |       |       ||    81
         Headbutt          |    13 |    24 |    30 |    87 |   112 ||   266
         Unarmed           |     2 |   137 |   149 |   389 |   422 ||  1099
         Kick              |     2 |       |       |    96 |   167 ||   265
         Punch             |     1 |     5 |     7 |    24 |    45 ||    82
         Touch             |       |    23 |    25 |    80 |    89 ||   217
 Invoke: Berserk           |     1 |     1 |     3 |    11 |    10 ||    26
         Trog's Hand       |       |       |       |     5 |     4 ||     9
         Brothers in Arms  |       |       |       |       |     5 ||     5
  Evoke: Phial of floods   |       |       |       |     1 |       ||     1
         Wand              |       |       |       |       |     2 ||     2
    Use: Scroll            |       |       |     8 |     6 |    14 ||    28
         Potion            |       |       |       |     1 |       ||     1
   Stab: Sleeping          |     1 |       |       |       |       ||     1
         Petrifying        |       |       |       |       |     1 ||     1
         Paralysed         |       |       |       |       |     1 ||     1
 Armour: Animal skin       |    11 |       |       |       |       ||    11
         Chain mail        |     9 |    37 |     3 |       |       ||    49
         Scale mail        |       |       |    46 |   104 |    25 ||   175
         Plate armour      |       |       |       |       |    79 ||    79
  Dodge: Dodged            |    46 |    17 |    73 |   239 |   191 ||   566
  Block: Other             |       |       |       |    46 |    66 ||   112
         Reflection        |       |       |       |     1 |       ||     1

Table legend: (Time is in decaauts)
 A = Elapsed time spent in this place.
 B = Non-inter-level travel time spent in this place.
 C = Inter-level travel time spent in this place.
 D = Time resting spent in this place.
 E = Time spent auto-exploring this place.
 F = Levels seen in this place.
 G = Mean time per level.
                   A        B        C        D        E       F      G
               +--------+--------+--------+--------+--------+-----+--------+
         Total |  18188 |  17227 |    961 |   2292 |  12246 |  20 |  909.4 |
       Dungeon |   9970 |   9207 |    763 |   1017 |   6570 |  11 |  906.4 |
        Temple |    144 |    124 |     20 |      0 |    109 |   1 |  144.0 |
          Lair |   6990 |   6812 |    178 |   1153 |   4836 |   5 | 1398.0 |
  Orcish Mines |    719 |    719 |      0 |     37 |    568 |   2 |  359.5 |
       Volcano |    363 |    363 |      0 |     85 |    163 |   1 |  363.0 |
               +--------+--------+--------+--------+--------+-----+--------+

Top non-repeatable levels by time:
  Lair:5: 2005 daAuts
  Lair:1: 1689 daAuts
    D:10: 1624 daAuts
  Lair:3: 1393 daAuts
     D:2: 1293 daAuts
  Lair:4: 1182 daAuts
     D:9: 1080 daAuts
     D:3: 944 daAuts
     D:5: 883 daAuts
     D:8: 861 daAuts
  Lair:2: 719 daAuts
     D:1: 709 daAuts
    D:11: 704 daAuts
     D:7: 647 daAuts
     D:6: 635 daAuts
